 Dungeon Crawl Stone Soup version 0.18-a0-1354-gbc5753f (webtiles) character file.

6416 gorblad the Covered (level 11, -2/126 HPs)
             Began as a Human Fighter on Feb 20, 2016.
             Was a Believer of Dithmenos.
             Slain by Snorg (16 damage)
             ... on level 1 of the Orcish Mines.
             The game lasted 00:18:30 (10244 turns).

gorblad the Covered (Human Fighter)                Turns: 10244, Time: 00:18:30

Health: -2/126     AC: 25    Str: 21    XL:     11   Next: 18%
Magic:  11/11      EV:  2    Int:  8    God:    Dithmenos [**....]
Gold:   690        SH: 14    Dex: 17    Spells: 0 memorised, 10 levels left

rFire  + . .     SeeInvis .     r - +8 falchion
rCold  . . .     Gourm    .     (armour currently unavailable)
rNeg   + + +     Faith    .     c - +3 shield
rPois  +         Spirit   .     (helmet currently unavailable)
rElec  .         Dismiss  .     (cloak currently unavailable)
rCorr  .         Reflect  .     (gloves currently unavailable)
SustAt .         Harm     .     (boots currently unavailable)
MR     .....     NoTele   +     (no amulet)
Stlth  ++++++++..               n - ring of flight
                                B - ring of protection from fire

@: agile, tree-form, wreathed by umbra, not resistant to hostile enchantments,
extraordinarily stealthy
A: blink
a: Blink, Shadow Step, Renounce Religion


You were on level 1 of the Orcish Mines.
You worshipped Dithmenos.
Dithmenos was pleased with you.
You were not hungry.
You were a tree.
You visited 3 branches of the dungeon, and saw 11 of its levels.

You collected 690 gold pieces.

Inventory:

Hand Weapons
 b - a +0 scimitar
 r - a +8 falchion (weapon)
Armour
 a - a +0 scale mail of poison resistance
 c - a +3 shield (worn)
 e - a +0 cloak (melded)
 o - a +2 chain mail of fire resistance (melded)
 t - a +0 hat (melded)
Jewellery
 h - an uncursed ring of fire
 n - a ring of flight (right branch)
 B - a ring of protection from fire (left branch)
Wands
 d - a wand of teleportation (9/9)
 u - a wand of lightning (5/15)
 w - a wand of confusion (33/48)
 x - a wand of iceblast (9/15)
 E - a wand of slowing (18/48)
Scrolls
 k - 5 scrolls of remove curse
 q - 3 scrolls of teleportation
 s - 2 scrolls of magic mapping
 v - 4 scrolls of blinking
 y - a scroll of recharging
Potions
 m - a potion of lignification
 z - a potion of brilliance
Books
 C - a book of Envenomations

   Spells                             Type                      Level
   a - Spider Form                    Transmutation/Poison         3
   b - Olgreb's Toxic Radiance        Poison                       4
   c - Alistair's Intoxication        Transmutation/Poison         5
   d - Poisonous Cloud                Conjuration/Poison/Air       6
Comestibles
 f - 6 bread rations
 g - 3 beef jerkies
 i - 4 meat rations
 l - 10 chunks of flesh
 p - 11 fruits
 A - 8 slices of pizza


   Skills:
 * Level 7.4 Fighting
 * Level 7.2 Long Blades
 * Level 7.7 Armour
 * Level 6.4 Dodging
 + Level 5.7 Stealth
 * Level 7.6 Shields


You had 10 spell levels left.
You didn't know any spells.

Dungeon Overview and Level Annotations

Branches:
Dungeon (9/15)             Temple (1/1) D:6             Orc (1/2) D:9
   Lair: D:8-11

Altars:
Ashenzari
Cheibriados
Dithmenos
Elyvilon
Fedhas
Gozag
Kikubaaqudgha
Makhleb
Nemelex Xobeh
Okawaru
Pakellas
Qazlal
Ru
Sif Muna
Trog
Vehumet
Xom
Yredelemnul
Zin
The Shining One
Beogh

Shops:
D:7 }   D:8 %

Annotations:
Orc:1 Snorg


Innate Abilities, Weirdness & Mutations

You can translocate small distances at will.


Message History

You are too injured to fight recklessly!
You are too injured to fight recklessly!
You are too injured to fight recklessly!
You are too injured to fight recklessly!
Drink which item? (? for menu, Esc to quit)
You feel agile all of a sudden.
You block Snorg's attack. x2; Snorg closely misses you.
Snorg bites you but does no damage. You block Snorg's attack. x2
Drink which item? (? for menu, Esc to quit)
You turn into a tree.
Your +0 cloak melds into your body.
Your +0 hat melds into your body.
Your +2 chain mail of fire resistance melds into your body.
You feel less resistant to fire.
Your roots penetrate the ground.
Snorg bites you but does no damage. Snorg claws you but does no damage.
You block Snorg's attack.
You hit Snorg.
Snorg is moderately wounded.
You block Snorg's attack. x2; Snorg claws you but does no damage.
Snorg bites you!
You die...

...........#
#..........## ###
###.........###.## ##
##...............# #.##
#............#...##...#.
..............#.##.#....
.....#.......$.........
##...#........#....#..
#...............♣.##
#.##.........##$.T.#
.............###......
#.#.......#... ........#
# ###.....##. #......##
###........# ......##
.#..........# ....###
.)##......... _..##
<#.....#.....


You could see Snorg (berserk).

Vanquished Creatures
  Joseph (D:7)
  Grinder (D:3)
  5 yaks (D:9)
  A human (D:7)
  Grum (D:8)
  2 wolves (D:8)
  Edmund (D:4)
  2 water moccasins (D:8)
  7 orc warriors
  4 ice beasts
  5 sky beasts
  A phantom (D:6)
  4 ogres
  Blork the orc (D:4)
  A big kobold (D:8)
  3 giant frogs
  A gnoll sergeant (D:8)
  3 scorpions
  A wyvern skeleton (D:8)
  10 wights
  3 crimson imps
  A centaur zombie (D:5)
  2 giant frog zombies
  7 orc priests
  A centaur skeleton (D:7)
  4 hounds
  An iguana (D:8)
  Terence (D:2)
  11 orc wizards
  3 worker ants
  4 sheep (D:7)
  2 hound skeletons (D:7)
  6 gnolls (D:8)
  12 adders
  An adder skeleton (D:5)
  3 worms
  7 giant geckos
  33 orcs
  3 giant cockroaches
  6 goblins
  10 hobgoblins
  17 jackals
  10 kobolds
  2 quokkas (D:4)
  7 bats
  6 giant newts
  A quokka zombie (D:8)
  6 rats
225 creatures vanquished.

Notes
Turn   | Place    | Note
--------------------------------------------------------------
     0 | D:1      | gorblad the Human Fighter began the quest for the Orb.
     0 | D:1      | Reached XP level 1. HP: 18/18 MP: 1/1
   134 | D:1      | Reached XP level 2. HP: 17/24 MP: 2/2
   370 | D:1      | Reached skill level 1 in Stealth
   649 | D:1      | Reached XP level 3. HP: 29/29 MP: 3/3
   712 | D:1      | Gained mutation: You can translocate small distances at will. [potion of beneficial mutation]
   722 | D:2      | Reached skill level 1 in Dodging
   880 | D:2      | Reached XP level 4. HP: 27/35 MP: 4/4
  1086 | D:2      | Found a faded altar to an unknown god.
  1165 | D:2      | Noticed Terence
  1173 | D:2      | Killed Terence
  1834 | D:3      | Reached XP level 5. HP: 34/41 MP: 5/5
  2035 | D:3      | Found a radiant altar of Vehumet.
  2193 | D:3      | Found a bloodstained altar of Trog.
  2327 | D:3      | Noticed Grinder
  2342 | D:3      | Paralysed by Grinder for 5 turns
  2349 | D:3      | Paralysed by Grinder for 2 turns
  2366 | D:3      | Killed Grinder
  2366 | D:3      | Reached skill level 4 in Fighting
  2366 | D:3      | Reached XP level 6. HP: 26/48 MP: 6/6
  2749 | D:4      | Noticed an ogre
  2762 | D:4      | Killed an ogre
  2762 | D:4      | Reached XP level 7. HP: 34/54 MP: 7/7
  2934 | D:4      | Noticed Blork the orc
  2944 | D:4      | Killed Blork the orc
  3137 | D:4      | Noticed Edmund
  3155 | D:4      | Killed Edmund
  3532 | D:4      | Reached XP level 8. HP: 51/61 MP: 8/8
  3676 | D:5      | Entered Level 5 of the Dungeon
  3762 | D:5      | Found a shattered altar of Ashenzari.
  4201 | D:5      | Reached skill level 5 in Fighting
  4674 | D:6      | Found a staircase to the Ecumenical Temple.
  4801 | D:6      | Reached skill level 5 in Shields
  4918 | D:6      | Found a sacrificial altar of Ru.
  5233 | D:6      | Reached skill level 5 in Long Blades
  5233 | D:6      | Reached XP level 9. HP: 63/68 MP: 9/9
  5654 | Temple   | Entered the Ecumenical Temple
  5739 | Temple   | Became a worshipper of Dithmenos the Shadowed
  5786 | D:7      | Noticed Joseph
  5788 | D:7      | Reached skill level 5 in Armour
  5810 | D:7      | Killed Joseph
  6021 | D:7      | Reached skill level 6 in Fighting
  6351 | D:7      | Found Pibu's Gadget Boutique.
  6415 | D:7      | Reached skill level 5 in Dodging
  6750 | D:7      | Found an oddly glowing altar of Pakellas.
  6844 | D:7      | Reached * piety under Dithmenos
  6844 | D:7      | Reached XP level 10. HP: 30/76 MP: 10/10
  7244 | D:8      | Found Ywuak's Food Emporium.
  7558 | D:8      | Found a basalt altar of Yredelemnul.
  7802 | D:8      | Reached skill level 5 in Stealth
  8359 | D:8      | Reached skill level 7 in Shields
  8529 | D:8      | Noticed Grum
  8552 | D:8      | Killed Grum
  8552 | D:8      | Reached ** piety under Dithmenos
  8834 | D:9      | Found an opulent altar of Gozag.
  9202 | D:9      | Found a radiant altar of Vehumet.
  9247 | D:9      | Found a staircase to the Orcish Mines.
  9294 | D:9      | Reached XP level 11. HP: 84/84 MP: 11/11
  9361 | D:9      | Identified a scroll of acquirement
  9562 | D:9      | Found a roughly hewn altar of Beogh.
  9710 | Orc:1    | Entered Level 1 of the Orcish Mines
 10232 | Orc:1    | Noticed Snorg
 10235 | Orc:1    | Found a roughly hewn altar of Beogh.
 10244 | Orc:1    | Slain by Snorg

Vault maps used:
D:1:      matt_arrival_grand_opening, minmay_misc_feat_rugged, glass_columns_b
D:2:      ecumenical_altar_1, uniq_terence
D:3:      vehumet_crystals, lemuel_crystal_altar, first_bread, uniq_grinder
D:4:      uniq_blork_the_orc, uniq_edmund
D:5:      nicolae_ashenzari_panopticon, bh_walls_and_bars
D:6:      hangedman_ru_absence, minmay_temple_entry_grid,
          kennysheep_generic_room_15
D:7:      kennysheep_little_box, serial_shops, shop, grunt_livestock,
          uniq_joseph
D:8:      yredelemnul_altar_generic, serial_shops, shop, uniq_grum
D:9:      wad_cavern_with_rooms, grunt_gozag_breadcrumbs,
          minmay_orc_entry_temple_small, serial_shops, shop, basic_altar,
          minmay_misc_feat_square
Temple:   nicolae_temple_god_jail
Orc:1:    basic_altar, uniq_snorg

Action                   |  1- 3 |  4- 6 |  7- 9 | 10-12 || total
-------------------------+-------+-------+-------+-------++-------
Melee: Long sword        |    72 |    73 |       |       ||   145
       Falchion          |       |    49 |   299 |   379 ||   727
  Use: Scroll            |     4 |     3 |     9 |     9 ||    25
       Potion            |     1 |     3 |    13 |     7 ||    24
 Stab: Sleeping          |       |       |     2 |       ||     2
  Eat: Chunk             |       |     6 |    11 |    10 ||    27
       Fruit             |       |       |     2 |       ||     2
       Bread ration      |       |       |       |     1 ||     1
